 Dungeon Crawl Stone Soup version 0.30-a0-422-g946f4849ff (webtiles) character file.

Game seed: 15416295805065675871

746 p00ps00p the Trooper (level 7, -11/63 HPs)
             Began as a Hill Orc Fighter on Dec 9, 2022.
             Mangled by a gnoll
             ... wielding a +0 whip of electrocution
             ... led by a gnoll sergeant
              (15 damage)
             ... on level 5 of the Dungeon.
             The game lasted 00:05:24 (4303 turns).

p00ps00p the Trooper (Hill Orc Fighter)             Turns: 4303, Time: 00:05:25

Health: -11/63     AC: 17    Str: 21    XL:     7   Next: 77%
Magic:  7/7        EV:  6    Int:  8    God:
Gold:   155        SH:  5    Dex: 10    Spells: 6/6 levels left

rFire   . . .      SeeInvis .    a - +0 war axe (protect)
rCold   . . .      Faith    .    c - +0 buckler
rNeg    . . .      Spirit   .    b - +0 scale mail
rPois   .          Reflect  .    (no helmet)
rElec   .          Harm     .    q - +0 cloak
rCorr   .          Rampage  .    k - +0 pair of gloves
Will    .....                    (no boots)
Stlth   ..........               (no amulet)
HPRegen 0.30/turn                (no ring)
MPRegen 0.10/turn                (no ring)

@: mighty, grasped by roots, under a protective aura, flying, constricted
A: no striking features
a: no special abilities


You were on level 5 of the Dungeon.
You visited 1 branch of the dungeon, and saw 5 of its levels.

You collected 155 gold pieces.

Inventory:

Hand Weapons
 a - a +0 war axe of protection (weapon)
Armour
 b - a +0 scale mail (worn)
 c - a +0 buckler (worn)
 k - a +0 pair of gloves (worn)
 q - a +0 cloak (worn)
Scrolls
 g - a scroll of summoning
 m - a scroll of noise {unknown}
 n - a scroll of teleportation
 p - 3 scrolls of identify
Potions
 d - 4 potions of might
 e - 2 potions of lignification
 f - 3 potions of mutation
 h - 2 potions of magic
 i - 3 potions of flight
 j - 4 potions of invisibility
 l - a potion of resistance {unknown}
 o - 2 potions of heal wounds {unknown}
 r - a potion of attraction {unknown}


   Skills:
 + Level 6.1 Fighting
 + Level 6.0 Axes
 + Level 5.6 Armour
 + Level 5.5 Shields


You had 6 spell levels left.
You didn't know any spells.
Your spell library contained the following spells:

 Spells                   Type           Power      Damage    Failure   Level
 Sandblast                Erth           0%         2d4       80%         1
 Passwall                 Tmut/Erth      0%         N/A       91%         2
 Kindle Blastsparks       Fire/Tloc/Air  0%         2d10      99%         3
 Portal Projectile        Hex/Tloc       0%         N/A       99%         3
 Stone Arrow              Conj/Erth      0%         3d7       99%         3
 Tukima's Dance           Hex            0%         N/A       99%         3
 Fulminant Prism          Conj/Hex       0%         3d5       100%        4
 Iskenderun's Mystic Bla  Conj/Tloc      0%         2d3       100%        4
 Blade Hands              Tmut           0%         N/A       100%        5
 Lee's Rapid Deconstruct  Erth           0%         3d4*      100%        5


Dungeon Overview and Level Annotations

Branches:
Dungeon (5/15)
 Temple: D:4-7

Altars:
Kikubaaqudgha
Wu Jian

Annotations:
D:3 1 runed translucent door, lunkers's ghost, amateur MeGl


Message History

The gnoll sergeant is unaffected.
The gnoll is unaffected.
The ogre is unaffected.
The grasping roots constrict you.
The ogre hits you with a +0 giant spiked club!
* * * LOW HITPOINT WARNING * * *
The gnoll sergeant hits you with a +0 trident.
* * * LOW HITPOINT WARNING * * *
The grasping roots constrict you.
The gnoll hits you but does no damage. x2
You are too injured to fight recklessly!
Unknown command.
You are too injured to fight recklessly!
Unknown command.
You slice the ogre!!
The ogre is almost dead.
You slash the gnoll sergeant! You slash the gnoll!
The gnoll hits you from afar with a +2 vampiric spear.
* * * LOW HITPOINT WARNING * * *
You block the ogre's attack. The gnoll hits you but does no damage.
You block the gnoll sergeant's attack. The grasping roots constrict you.
* * * LOW HITPOINT WARNING * * *
It was a potion of magic.
Magic courses through your body. The gnoll closely misses you.
The gnoll sergeant hits you but does no damage.
The grasping roots constrict you. The gnoll closely misses you.
The grasping roots release their grip on you.
You slice the ogre!!
You kill the ogre!
You closely miss the gnoll sergeant. You closely miss the gnoll.
The gnoll hits you but does no damage. You block the gnoll's attack.
The gnoll sergeant zaps a wand.
The roots erupt in riotous growth!
The grasping roots grab you!
The gnoll sergeant is unaffected.
The gnoll is unaffected. x2
The grasping roots constrict you.
* * * LOW HITPOINT WARNING * * *
Your Fighting skill increases to level 6!
Your Axes skill increases to level 6!
It was a potion of flight.
You feel very buoyant.
You fly up into the air.
The gnoll hits you but does no damage.
You are electrocuted!
You die...

##..........# #.#
.'..........# #.#
##..........# #.#
##..........# #.#
##################.#
................##.#####
................†....!.+
##.############g.#######
.# ##@# # .....ggg#
......wg# .........
........# ........#
........# ........#


You could see a gnoll sergeant, a worm and 4 gnolls.

Vanquished Creatures
  An ice beast (D:4)
  2 ogres (D:5)
  2 scorpions (D:5)
  A necrophage (D:4)
  A howler monkey (D:5)
  2 orc priests (D:4)
  Ijyb (D:3)
  An orc wizard (D:4)
  6 adders
  3 worms
  6 dart slugs
  8 orcs
  5 ball pythons
  10 endoplasms
  2 giant cockroaches
  4 goblins
  6 hobgoblins
  3 quokkas
  7 bats
  4 frilled lizards
  14 kobolds
  8 rats
  5 bushes (D:3)
102 creatures vanquished.

Vanquished Creatures (others)
  A frilled lizard (D:3)
  18 plants (D:3)
  2 withered plants (D:3)
21 creatures vanquished.

Grand Total: 123 creatures vanquished

Notes
Turn   | Place    | Note
-------+----------+-------------------------------------------
     0 | D:1      | p00ps00p the Hill Orc Fighter began the quest for the Orb.
     0 | D:1      | Reached XP level 1. HP: 19/19 MP: 1/1
   120 | D:1      | Reached XP level 2. HP: 27/27 MP: 2/2
   833 | D:2      | Reached XP level 3. HP: 33/33 MP: 3/3
  1000 | D:2      | Reached XP level 4. HP: 39/40 MP: 4/4
  1630 | D:3      | Noticed Ijyb
  1643 | D:3      | Killed Ijyb
  1841 | D:3      | Found a runed translucent door.
  1843 | D:3      | Noticed lunkers's ghost (amateur MeGl)
  1876 | D:3      | Found a faded altar of an unknown god.
  1884 | D:3      | Reached XP level 5. HP: 47/47 MP: 5/5
  2059 | D:3      | You fall into a shaft and drop 1 floor!
  2280 | D:4      | Noticed an ice beast
  2289 | D:4      | Killed an ice beast
  2290 | D:4      | Reached skill level 5 in Fighting
  2290 | D:4      | Reached XP level 6. HP: 56/56 MP: 6/6
  2318 | D:4      | Found an ancient bone altar of Kikubaaqudgha.
  3363 | D:4      | Reached skill level 5 in Axes
  3535 | D:4      | Reached skill level 5 in Armour
  4108 | D:5      | Entered Level 5 of the Dungeon
  4109 | D:5      | Found an ornate altar of the Wu Jian Council.
  4152 | D:5      | Reached skill level 5 in Shields
  4152 | D:5      | Reached XP level 7. HP: 48/61 MP: 7/7
  4303 | D:5      | Mangled by a gnoll

Illustrated notes

Levels and vault maps discovered:
D:1:      beargit_arrival_greenhouse, layout_loops_ring, serial_forest,
          infiniplex_forest_lined_2, infiniplex_forest_lined_room_3,
          infiniplex_forest_fountain, infiniplex_forest_straight_1,
          minmay_tetromino_l4
D:2:      layout_basic
D:3:      layout_basic, gammafunk_ghost_grave,
          hellmonk_ecumenical_altar_run_dry, lexackson_kobold_supper, uniq_ijyb
D:4:      nicolae_cairo_tiling_large, layout_layer_cave,
          mainiacjoe_overflow_24_doors
D:5:      layout_basic, mainiacjoe_overflow_tiny_flanked

Skill      XL: |  1  2  3  4  5  6  7 |
---------------+----------------------+-----
Axes           | 3 4 5 6 |  6.0
Fighting       | 4 5 6 |  6.1
Armour         | 4 5 |  5.6
Shields        | 4 5 |  5.5

Action                   |  1- 3 |  4- 6 |  7- 9 || total
-------------------------+-------+-------+-------++-------
Melee: War axe           |    87 |   358 |    30 ||   475
  Use: Scroll            |     7 |     1 |       ||     8
       Potion            |       |       |     3 ||     3
Armor: Scale mail        |    44 |    85 |    32 ||   161
Dodge: Dodged            |    36 |    70 |    18 ||   124
Block: Buckler           |    19 |    36 |    12 ||    67

Table legend: (Time is in decaauts)
 A = Elapsed time spent in this place.
 B = Non-inter-level travel time spent in this place.
 C = Inter-level travel time spent in this place.
 D = Time resting spent in this place.
 E = Time spent auto-exploring this place.
 F = Levels seen in this place.
 G = Mean time per level.
                   A        B        C        D        E       F      G
               +--------+--------+--------+--------+--------+-----+--------+
         Total |   4455 |   4298 |    157 |      0 |   3348 |   5 |  891.0 |
       Dungeon |   4455 |   4298 |    157 |      0 |   3348 |   5 |  891.0 |
               +--------+--------+--------+--------+--------+-----+--------+

Top non-repeatable levels by time:
     D:4: 1397 daAuts
     D:3: 1194 daAuts
     D:1: 830 daAuts
     D:2: 828 daAuts
     D:5: 204 daAuts
